 Dungeon Crawl Stone Soup version 0.30.1-4-g462c640d31 (webtiles) character file.

Game seed: 7181754659421186462

10922 growler the Stormcaller (level 11, -11/65 HPs)
             Began as a Tengu Air Elementalist on Sept 13, 2023.
             Was a Believer of Hepliaklqana.
             Succumbed to a killer bee's poison
             ... on level 9 of the Dungeon on Sept 14, 2023.
             The game lasted 00:30:12 (12752 turns).

growler the Stormcaller (Tengu Air Elementalist)   Turns: 12752, Time: 00:30:14

Health: -11/65     AC:  4    Str:  8    XL:     11   Next: 69%
Magic:  6/21       EV: 15    Int: 20    God:    Hepliaklqana [**....]
Gold:   769        SH:  0    Dex: 19    Spells: 12/22 levels left

rFire   . . .        q - +9 sling "Eviscerator" {freeze, Dex+4}
rCold   . . .        (no shield)
rNeg    . . .        a - +0 robe
rPois   .            (helmet restricted)
rElec   .            u - +0 cloak
rCorr   .            f - +0 pair of gloves
SInv    +            (boots unavailable)
Will    .....        (no amulet)
Stlth   ++           d - ring of see invisible
HPRegen 0.30/turn    (no ring)
MPRegen 0.17/turn

%: no passive effects
@: lethally poisoned (-11 -> -42), flying quickly and evasively, slowed, very
slow
A: reduced essence, beak, talons 3, nimble flight
a: Renounce Religion, Recall Ancestor, Ancestor Identity


You were on level 9 of the Dungeon.
You worshipped Hepliaklqana.
Hepliaklqana was pleased with you.
You visited 2 branches of the dungeon, and saw 11 of its levels.
You also visited: Ossuary.

You collected 769 gold pieces.

Inventory:

Hand Weapons
 b - a +3 dagger
 q - the +9 sling "Eviscerator" (weapon) {freeze, Dex+4}
   (You found it on level 3 of the Dungeon)

   Dex:       It affects your dexterity (+4).
Missiles
 L - a throwing net
Armour
 a - a +0 robe (worn)
 f - a +0 pair of gloves (worn)
 u - a +0 cloak (worn)
 I - a +1 cloak
Jewellery
 d - a ring of see invisible (left hand)
 m - a ring of protection from cold
 n - a ring of fire
 z - a ring of positive energy
 J - a ring of protection from cold
Wands
 o - a wand of mindburst (33)
 p - a wand of light (9)
 M - a wand of flame (7)
Scrolls
 e - 2 scrolls of noise {unknown}
 g - 2 scrolls of torment {unknown}
 h - 9 scrolls of teleportation {unknown}
 j - 2 scrolls of poison {unknown}
 l - 9 scrolls of identify {unknown}
 s - 2 scrolls of immolation {unknown}
 w - a scroll of vulnerability {unknown}
 y - a scroll of magic mapping {unknown}
 C - a scroll of silence {unknown}
 E - a scroll of summoning {unknown}
 G - 2 scrolls of fog {unknown}
 K - a scroll of fear {unknown}
Potions
 c - a potion of brilliance {unknown}
 i - a potion of cancellation {unknown}
 k - 2 potions of lignification {unknown}
 r - 7 potions of mutation {unknown}
 t - 4 potions of attraction {unknown}
 v - 3 potions of heal wounds
 x - 2 potions of flight {unknown}
 A - a potion of haste {unknown}
 B - 3 potions of curing
 F - a potion of berserk rage {unknown}
 H - 2 potions of might


   Skills:
 + Level 10.3 Fighting
 + Level 5.9 Short Blades
 - Level 2.1 Dodging
 - Level 2.0 Stealth
 - Level 6.0 Spellcasting
 - Level 6.0 Conjurations
 + Level 15.4 Air Magic


You had 12 spell levels left.
You knew the following spells:

 Your Spells              Type           Power      Damage    Failure   Level
a - Shock                 Conj/Air       100%       1d9       1%          1
b - Static Discharge      Conj/Air       96%        2-6/arc   1%          2
c - Swiftness             Air            61%        N/A       1%          3
d - Airstrike             Air            30%        2d(5-21)  1%          4

Your spell library contained the following spells:

 Spells                   Type           Power      Damage    Failure   Level
 Hailstorm                Conj/Ice       18%        3d6       9%          3
 Ozocubu's Armour         Ice            6%         N/A       30%         3
 Ice Form                 Ice/Tmut       6%         N/A       71%         4
 Summon Ice Beast         Ice/Summ       6%         N/A       71%         4
 Summon Mana Viper        Hex/Summ       6%         N/A       96%         5
 Simulacrum               Ice/Necr       3%         N/A       100%        6
 Monstrous Menagerie      Summ           3%         N/A       100%        7
 Ozocubu's Refrigeration  Ice            3%         4d8       100%        7


Dungeon Overview and Level Annotations

Branches:
Dungeon (10/15)            Temple (1/1) D:4            Lair (0/5) D:8
Ossuary (visited)
    Orc: D:9-12

Altars:
Ashenzari
Cheibriados
Dithmenos
Elyvilon
Fedhas
Gozag
Hepliaklqana
Kikubaaqudgha
Makhleb
Nemelex Xobeh
Okawaru
Qazlal
Ru
Sif Muna
Trog
Uskayaw
Vehumet
Wu Jian
Xom
Yredelemnul
Zin
The Shining One


Innate Abilities, Weirdness & Mutations

Your life essence is reduced to manifest your ancestor. (-10% HP)
You have a beak for a mouth.
You have claws for feet.
Your magical nature lets you fly swiftly and evasively.


Message History

Press: ? - help, Dir - move target, f/p - gargoyle
Aim: a gargoyle, wielding a +0 mace (almost destroyed, empty space bonus: 6/8)
The air twists around and strikes the gargoyle but does no damage.
The killer bee stings you.
You are poisoned.
The killer bee poisons you!
The gargoyle hurls a stone arrow at you.
The stone arrow hits you!
* * * LOW HITPOINT WARNING * * *
Reggie B. hits the orc warrior with a +0 dagger of draining!
The orc warrior dies!
The two-headed ogre misses Reggie B..
The two-headed ogre closely misses Reggie B..
The killer bee stings you.
* * * LOW HITPOINT WARNING * * *
You are lethally poisoned!
The killer bee poisons you!
Reggie B. hits the gargoyle with a +0 dagger of draining.
A yak comes into view.
Reggie B. hits the yak with a +0 dagger of draining!
Reggie B. drains the yak.
* * * LOW HITPOINT WARNING * * *
You feel very sick.
The killer bee stings you but does no damage.
The killer bee stings you!
* * * LOW HITPOINT WARNING * * *
You are more poisoned.
The killer bee poisons you! The unseen horror closely misses you.
Reggie B. hits the yak with a +0 dagger of draining!
Reggie B. drains the yak.
The two-headed ogre hits Reggie B. with a +0 giant spiked club!
The two-headed ogre barely misses Reggie B..
The killer bee stings you.
* * * LOW HITPOINT WARNING * * *
You are more poisoned.
The killer bee poisons you!
Reggie B. points at the gargoyle and mumbles some strange words.
The yak seems to slow down.
You fly upwards.
You die...

##### ##...#### ##### ##
#.....#.#####@..# #8 8##
##...##.##..y...# #8.. .8 #
#..##..........#####... .
#####...#..#..........#_...
..#.##.....#........####...
.......##...........# 8..
.......##..###......### 8
....####...#####......#####
...........#.##...........#


You could see a killer bee.

Vanquished Creatures
  2 two-headed ogres
  A cyclops (D:7)
  A kobold demonologist (D:9)
  A komodo dragon (D:8)
  3 trolls
  Grinder (D:4)
  Sigmund (D:2)
  A wyvern (D:10)
  A vampire (D:7)
  10 yaks
  2 acid dragons (D:10)
  3 water moccasins
  3 sky beasts
  A black bear (D:7)
  3 ice beasts
  3 orc warriors
  2 ogres
  4 wolves (D:10)
  4 centaurs
  A phantom (D:6)
  3 kobold brigands
  4 bullfrogs
  2 scorpions
  6 wights
  2 howler monkeys
  A jelly (D:7)
  A human zombie (Ossuary)
  4 orc priests
  3 iguanas
  A gnoll bouda (D:9)
  Ijyb (D:5)
  2 sleepcaps (D:7)
  7 orc wizards
  A mummy (Ossuary)
  Robin (D:5)
  19 gnolls
  7 adders
  2 shadow imps
  7 white imps
  3 adder zombies (Ossuary)
  4 worms
  2 dart slugs
  27 orcs
  5 ball pythons
  8 endoplasms
  8 giant cockroaches
  2 gnoll zombies (Ossuary)
  8 goblins
  11 hobgoblins
  6 jackals
  16 kobolds
  3 quokkas
  5 bats
  5 frilled lizards
  4 goblin zombies (Ossuary)
  2 hobgoblin zombies (Ossuary)
  A jackal zombie (Ossuary)
  6 kobold zombies (Ossuary)
  3 orc zombies (Ossuary)
  3 quokka zombies (Ossuary)
  8 rats
  A rat zombie (Ossuary)
263 creatures vanquished.

Vanquished Creatures (collateral kills)
  A hornet (D:7)
  3 yaks (D:9)
  Grum (D:10)
  3 orc warriors
  A black bear (D:7)
  2 elf zombies (Ossuary)
  A kobold brigand (D:10)
  2 gnoll sergeants (D:9)
  A scorpion (D:7)
  A howler monkey (D:10)
  A human zombie (Ossuary)
  A sleepcap (D:7)
  An orc wizard (D:7)
  2 mummies (Ossuary)
  A gnoll (D:9)
  An adder zombie (Ossuary)
  2 orcs
  A gnoll zombie (Ossuary)
  A kobold zombie (Ossuary)
  An orc zombie (Ossuary)
28 creatures vanquished.

Vanquished Creatures (others)
  4 hexers
  2 ancestors (D:7)
6 creatures vanquished.

Grand Total: 297 creatures vanquished

Notes
Turn   | Place    | Note
-------+----------+-------------------------------------------
     0 | D:1      | growler the Tengu Air Elementalist began the quest for the
                  | Orb.
     0 | D:1      | Reached XP level 1. HP: 10/10 MP: 4/4
   170 | D:1      | Reached XP level 2. HP: 15/15 MP: 3/6
   173 | D:1      | Learned a level 2 spell: Static Discharge
   697 | D:1      | Reached XP level 3. HP: 19/19 MP: 1/7
   701 | D:1      | Learned a level 3 spell: Swiftness
  2098 | D:2      | Reached XP level 4. HP: 1/24 MP: 4/9
  2098 | D:2      | HP: 1/24 [poisoned by an adder]
  2103 | D:2      | Reached skill level 5 in Air Magic
  2425 | D:2      | Noticed Sigmund
  2444 | D:2      | Killed Sigmund
  2445 | D:2      | Gained mutation: Your magical nature lets you fly swiftly
                  | and evasively. [Tengu growth]
  2445 | D:2      | Reached XP level 5. HP: 28/28 MP: 3/11
  2445 | D:2      | Reached XP level 6. HP: 32/32 MP: 3/12
  2655 | D:2      | Reached skill level 6 in Air Magic
  2931 | D:3      | Found a basalt altar of Yredelemnul.
  3280 | D:3      | Identified the +9 sling "Eviscerator" {freeze, Dex+4}
  3417 | D:3      | Found a burning altar of Makhleb.
  3417 | D:3      | Noticed a green death
  3420 | D:3      | Noticed an orange demon
  3420 | D:3      | Noticed a neqoxec
  3830 | D:4      | Learned a level 4 spell: Airstrike
  3952 | D:4      | Reached skill level 5 in Conjurations
  4352 | D:4      | Reached XP level 7. HP: 26/36 MP: 14/14
  4578 | D:4      | Found a staircase to the Ecumenical Temple.
  4634 | D:4      | Noticed Grinder
  4646 | D:4      | Killed Grinder
  4647 | D:4      | Reached skill level 7 in Air Magic
  4781 | Temple   | Entered the Ecumenical Temple
  5033 | D:5      | Entered Level 5 of the Dungeon
  5054 | D:5      | Found a hazy altar of Hepliaklqana.
  5062 | D:5      | Became a worshipper of Hepliaklqana the Forgotten
  5192 | D:5      | Reached skill level 5 in Spellcasting
  5213 | D:5      | Reached skill level 8 in Air Magic
  5213 | D:5      | Reached XP level 8. HP: 41/41 MP: 16/16
  5373 | D:5      | Reached skill level 1 in Fighting
  5500 | D:5      | Found an iron altar of Okawaru.
  5547 | D:5      | Noticed Ijyb
  5547 | D:5      | Noticed Robin
  5550 | D:5      | Killed Ijyb
  5553 | D:5      | Killed Robin
  5688 | D:5      | Found a snail-covered altar of Cheibriados.
  5898 | D:5      | Reached skill level 9 in Air Magic
  6126 | D:5      | HP: 2/45 [poisoned by a kobold]
  6491 | D:6      | Reached * piety under Hepliaklqana
  6516 | D:6      | Found a white marble altar of Elyvilon.
  6527 | D:6      | Found a glowing silver altar of Zin.
  6591 | D:6      | Noticed a yak
  6598 | D:6      | Killed a yak
  6599 | D:6      | Reached skill level 10 in Air Magic
  6599 | D:6      | Reached XP level 9. HP: 18/46 MP: 8/19
  7347 | D:7      | Found a sand-covered staircase.
  7357 | Ossuary  | Entered an ossuary
  7455 | Ossuary  | Reached skill level 5 in Fighting
  7615 | Ossuary  | Reached skill level 11 in Air Magic
  7680 | D:7      | Found a shimmering altar of Xom.
  7900 | D:7      | Noticed a cyclops
  8027 | D:7      | Noticed an unseen horror
  8064 | D:7      | Reached skill level 12 in Air Magic
  8161 | D:7      | Noticed a troll
  8174 | D:7      | Killed a troll
  8175 | D:7      | Reached XP level 10. HP: 37/56 MP: 11/20
  8269 | D:7      | Killed a cyclops
  8431 | D:7      | Reached skill level 13 in Air Magic
  8595 | D:7      | Reached ** piety under Hepliaklqana
  8596 | D:7      | Remembered your ancestor Reggie B. as a hexer
  8915 | D:7      | Paralysed by a hornet for 2 turns
  9901 | D:8      | Found a staircase to the Lair.
  9976 | D:8      | Reached skill level 1 in Short Blades
 10102 | D:8      | Noticed a two-headed ogre
 10111 | D:8      | Killed a two-headed ogre
 10112 | D:8      | Reached skill level 14 in Air Magic
 10577 | D:9      | Noticed a two-headed ogre
 10582 | D:9      | Killed a two-headed ogre
 10583 | D:9      | Reached XP level 11. HP: 56/63 MP: 8/21
 10956 | D:9      | Found a stormy altar of Qazlal.
 10958 | D:9      | Found a shimmering blue altar of Sif Muna.
 11259 | D:9      | Reached skill level 15 in Air Magic
 11413 | D:9      | Reached skill level 5 in Short Blades
 11719 | D:9      | Reached skill level 10 in Fighting
 11903 | D:9      | Found an ancient bone altar of Kikubaaqudgha.
 11987 | D:10     | Entered Level 10 of the Dungeon
 12002 | D:10     | Noticed Grum
 12017 | D:10     | Killed Grum
 12412 | D:10     | Noticed a two-headed ogre
 12658 | D:10     | Noticed a tengu warrior
 12751 | D:10     | HP: 3/65 [killer bee (1)]
 12752 | D:9      | Succumbed to a killer bee's poison

Illustrated notes

Levels and vault maps discovered:
D:1:      scummos_arrival_simple_fountains, layout_basic
D:2:      layout_loops_ring, minmay_three_crescents, uniq_sigmund
D:3:      layout_loops_ring, mainiacjoe_overflow_alcove_2,
          makhleb_altar_promises_db, kennysheep_generic_room_8
D:4:      layout_gridville, minmay_temple_entry_poolview, uniq_grinder
D:5:      layout_cave_pools, lemuel_coloured_pillars_altar, okawaru_trees_2,
          slow_altar_2, nicolae_goblin_pals
D:6:      layout_rooms, mainiacjoe_overflow_large_starburst, serial_aquarium,
          aquarium_bridge_island_small [aquarium_subvault_small_open,
          aquarium_subvault_bridge, aquarium_subvault_bridge,
          aquarium_subvault_bridge, aquarium_subvault_window],
          aquarium_window_1, aquarium_window_3, aquarium_view_2d,
          aquarium_view_2f, aquarium_pool_double, hex_large, minmay_small_thing
D:7:      nzn_winding_woodlands_small [nzn_winding_woodlands_5x15_zeroes,
          nzn_winding_woodlands_center_garden,
          nzn_winding_woodlands_5x15_pockets], layout_basic,
          mainiacjoe_overflow_chevrons, lightli_ossuary_entry_decrepit_ruins,
          lightli_corner_chamber
D:8:      layout_layer_cave, grunt_lair_entry_orc_guard_hut,
          minmay_misc_feat_room
D:9:      layout_cave_pools, nicolae_overflow_hidden_temple,
          jmf_multi_god_temple
D:10:     minmay_the_grid_octo_tiled_squarecenter [minmay_the_grid_octo_focus,
          minmay_the_grid_octo_clover, minmay_the_grid_octo_77,
          minmay_the_grid_octo_fat_diamond,
          minmay_the_grid_square_5x5_megaprize_diamond,
          minmay_the_grid_square_5x5_eight_small,
          minmay_the_grid_square_5x5_six, minmay_the_grid_square_5x5_shrine1,
          minmay_the_grid_square_5x5_comb], layout_rooms, uniq_grum,
          uniq_maurice, uniq_erica
Temple:   minmay_temple_curvy_loop

Skill      XL: |  1  2  3  4  5  6  7  8  9 10 11 |
---------------+----------------------------------+-----
Conjurations   | 2 3 4 5 6 |  6.0
Air Magic      | 5 6 8 10 12 14 15 | 15.4
Spellcasting   | 3 4 5 6 |  6.0
Fighting       | 3 7 9 10 | 10.3
Short Blades   | 3 5 |  5.9
Dodging        | |  2.1
Stealth        | |  2.0

Action                     |  1- 3 |  4- 6 |  7- 9 | 10-12 || total
---------------------------+-------+-------+-------+-------++-------
  Melee: Unarmed           |    23 |    16 |       |       ||    39
         Kick              |     7 |     5 |       |       ||    12
         Peck              |     2 |     1 |       |       ||     3
   Fire: Sling             |       |    46 |   257 |   141 ||   444
   Cast: Shock             |    78 |    48 |     1 |     5 ||   132
         Static Discharge  |     3 |     3 |    11 |    35 ||    52
         Airstrike         |       |       |    28 |    70 ||    98
 Invoke: Ancestor Identity |       |       |     1 |       ||     1
         Recall Ancestor   |       |       |     1 |     4 ||     5
         Ancestor Life: He |       |       |       |     1 ||     1
    Use: Potion            |     1 |     4 |     2 |     4 ||    11
 Armour: Robe              |     5 |     3 |    18 |    12 ||    38
  Dodge: Dodged            |    17 |    20 |    78 |    57 ||   172
